 Dungeon Crawl Stone Soup version 0.29-a0-251-g80730f7218 (webtiles) character file.

Game seed: 6573680951460677464

94739 shoop the Markself (level 15, -10/92 HPs)
             Began as a Deep Elf Arcane Marksman on Mar 5, 2022.
             Was the Champion of Fedhas.
             Mangled by a quicksilver ooze (20 damage)
             ... summoned by an orange crystal statue
             ... in an ice cave on Mar 6, 2022.
             The game lasted 01:50:19 (34673 turns).

shoop the Markself (Deep Elf Arcane Marksman)      Turns: 34673, Time: 01:50:20

Health: -10/92     AC: 18    Str: 13      XL:     15   Next: 64%
Magic:  1/30       EV: 18    Int: 20 (22) God:    Fedhas [******]
Gold:   1233       SH:  0    Dex: 23      Spells: 11/32 levels left

rFire   + . .      SeeInvis .   a - +5 shortbow "Killer Klown's Doom" {venom, rF+ Str+4}
rCold   + . .      Faith    .   (shield currently unavailable)
rNeg    . . .      Spirit   .   p - +7 ring mail of a Gauntlet {Harm}
rPois   .          Reflect  .   D - +0 helmet
rElec   .          Harm     +   (no cloak)
rCorr   .          Rampage  .   I - +1 pair of gloves
Will    +....                   J - +1 pair of boots
Stlth   +++.......              K - amulet of the acrobat
HPRegen 0.25/turn               e - +6 ring of dexterity
MPRegen 0.22/turn               L - ring of protection from cold

@: engulfed (cannot breathe)
A: no striking features
a: Renounce Religion, Wall of Briars, Grow Ballistomycete, Overgrow, Grow Oklob


You were in an ice cave.
You worshipped Fedhas.
Fedhas was exalted by your worship.
You visited 5 branches of the dungeon, and saw 25 of its levels.
You also visited: Sewer and Ice Cave.

You collected 2362 gold pieces.
You spent 1129 gold pieces at shops.

Inventory:

Hand Weapons
 a - the +5 shortbow "Killer Klown's Doom" (weapon) {venom, rF+ Str+4}
   (You found it on level 8 of the Dungeon)

   Any ammunition fired from it poisons the flesh of those it strikes.
   Str:       It affects your strength (+4).
   rF:        It protects you from fire.
 b - a +3 longbow of flaming
 S - a +2 longbow of freezing
Missiles
 F - a throwing net
Armour
 p - the +7 ring mail of a Gauntlet (worn) {Harm}
   (You found it on level 2 of the Dungeon)

   Harm:      It increases damage dealt and taken.
 D - a +0 helmet (worn)
 I - a +1 pair of gloves (worn)
 J - a +1 pair of boots (worn)
 R - a scarf of harm
 T - the +1 leather armour of Fortitude {rC+ SInv}
   (You found it on level 2 of the Lair of Beasts)

   rC:        It protects you from cold.
   SInv:      It lets you see invisible.
Jewellery
 e - a +6 ring of dexterity (left hand)
 s - a +6 ring of strength
 y - a ring of magical power
 H - a ring of see invisible
 K - an amulet of the acrobat (around neck)
 L - a ring of protection from cold (right hand)
 O - a +6 ring of intelligence
 W - an amulet of guardian spirit
Wands
 v - a wand of acid (11)
 N - a wand of flame (5)
 P - a wand of iceblast (7)
 Q - a wand of digging (5)
 V - a wand of mindburst (4)
Scrolls
 c - 5 scrolls of amnesia
 h - 2 scrolls of fear
 i - 8 scrolls of teleportation
 j - 3 scrolls of vulnerability
 m - a scroll of summoning
 t - a scroll of holy word
 u - 3 scrolls of acquirement
 w - 4 scrolls of fog
 x - 2 scrolls of silence
 C - 4 scrolls of enchant weapon
 E - 2 scrolls of enchant armour
 G - a scroll of immolation
 M - a scroll of brand weapon
 X - a scroll of magic mapping
 Y - 3 scrolls of identify
Potions
 d - 6 potions of mutation
 f - 3 potions of heal wounds
 g - 3 potions of haste
 k - a potion of brilliance
 l - 5 potions of attraction
 n - 3 potions of magic
 o - a potion of ambrosia
 q - 3 potions of curing
 r - 3 potions of cancellation
 z - 3 potions of flight
 A - 2 potions of berserk rage
 B - 2 potions of lignification
 U - a potion of invisibility
 Z - 2 potions of resistance


   Skills:
 - Level 10.0 Fighting
 - Level 20.0 Bows
 - Level 4.0 Armour
 - Level 10.0 Dodging
 - Level 5.0 Stealth
 + Level 9.1 Spellcasting
 + Level 10.5 Hexes
 - Level 2.0 Translocations
 - Level 2.0 Transmutations
 - Level 2.0 Fire Magic
 + Level 7.4 Air Magic
 - Level 2.0 Earth Magic
 - Level 13.0 Invocations
 - Level 6.0 Evocations


You had 11 spell levels left.
You knew the following spells:

 Your Spells              Type           Power      Damage    Failure   Level
a - Slow                  Hex            100%       N/A       1%          1
b - Silence               Hex/Air        22%        N/A       11%         5
c - Inner Flame           Hex/Fire       34%        N/A       3%          3
f - Cause Fear            Hex            25%        N/A       1%          4
p - Passwall              Tmut/Erth      14%        N/A       11%         2
r - Portal Projectile     Hex/Tloc       68%        N/A       3%          3
s - Swiftness             Air            38%        N/A       2%          3

Your spell library contained the following spells:

 Spells                   Type           Power      Damage    Failure   Level
 Shock                    Conj/Air       92%        1d8       3%          1
 Poisonous Vapours        Pois/Air       46%        N/A       5%          2
 Apportation              Tloc           34%        N/A       7%          1
 Beastly Appendage        Tmut           34%        N/A       7%          1
 Sandblast                Erth           34%        2d9       7%          1
 Airstrike                Air            19%        N/A       8%          4
 Animate Skeleton         Necr           18%        N/A       16%         1
 Pain                     Necr           36%        1d5       16%         1
 Summon Small Mammal      Summ           36%        N/A       16%         1
 Fulminant Prism          Conj/Hex       15%        3d11      17%         4
 Ignite Poison            Fire/Tmut/Pois 14%        N/A       26%         3
 Conjure Flame            Conj/Fire      13%        6-21      30%         3
 Stone Arrow              Conj/Erth      26%        3d8       30%         3
 Summon Lightning Spire   Summ/Air       23%        N/A       34%         4
 Iskenderun's Mystic Bla  Conj/Tloc      13%        2d5       71%         4
 Sticky Flame             Conj/Fire      13%        2d4       71%         4
 Animate Dead             Necr           4%         N/A       83%         4
 Blade Hands              Tmut           8%         N/A       88%         5
 Lee's Rapid Deconstruct  Erth           8%         3d8*      88%         5
 Alistair's Intoxication  Tmut/Pois      8%         N/A       96%         5
 Borgnjor's Vile Clutch   Necr/Erth      6%         N/A       96%         5
 Agony                    Necr           9%         N/A       99%         5
 Excruciating Wounds      Necr           4%         N/A       99%         5
 Death Channel            Necr           4%         N/A       100%        6
 Statue Form              Tmut/Erth      11%        N/A       100%        6


Dungeon Overview and Level Annotations

Branches:
Dungeon (15/15)            Temple (1/1) D:7            Lair (6/6) D:8
 Shoals (0/4) Lair:4        Snake (1/4) Lair:4        Slime (0/5) Lair:5
    Orc (2/2) D:11            Elf (0/3) Orc:2        Vaults (0/5) D:13
  Sewer (visited)           IceCv (1/1)
 Depths: D:15

Altars:
Ashenzari
Cheibriados
Dithmenos
Elyvilon
Fedhas
Gozag
Kikubaaqudgha
Makhleb
Nemelex Xobeh
Qazlal
Ru
Sif Muna
Trog
Uskayaw
Vehumet
Wu Jian
Xom
Yredelemnul
Zin
The Shining One
Beogh
Jiyva

Shops:
D:2 ?   D:9 :   Orc:1 ?[*?   Orc:2 ([==

Annotations:
D:3 1 runed translucent door
D:5 Edmund
D:8 3 runed translucent doors, bande's ghost, novice GrFi
D:14 3 runed translucent doors, Jeschemp's ghost, journeyman MiBe
D:15 exclusions: fire dragon and 1 more exclusion
Lair:1 3 runed translucent doors, jfcaron's ghost, journeyman OgBr
Lair:3 exclusion: hydra
Lair:6 2 runed translucent doors, Pomiudiv's ghost, journeyman TeSu
Orc:1 4 transporters IceCv exclusion: orange crystal statue


Message History

The quicksilver ooze misses you.
Shoot: a) +5 shortbow "Killer Klown's Doom" {venom, rF+ Str+4}
Press: ? - help, Shift-Dir - straight line, f/p - quicksilver ooze
Aim: a quicksilver ooze (almost dead, summoned, very poisoned, ally target, 67% to hit)
You shoot an arrow.
The arrow barely misses the quicksilver ooze.
The quicksilver ooze misses you. x2
The quicksilver ooze closely misses you. x2
The quicksilver ooze hits you. The quicksilver ooze engulfs you!
The quicksilver ooze closely misses you.
Unknown command.
You walk carefully through the plants.
You slip free of the ooze engulfing you.
* * * LOW HITPOINT WARNING * * *
Your lungs strain for air!
The quicksilver ooze completely misses you. x3
The quicksilver ooze hits you but does no damage.
The quicksilver ooze hits you. x2
* * * LOW HITPOINT WARNING * * *
You feel your power leaking away. The quicksilver ooze hits you.
The quicksilver ooze completely misses you.
Unknown command.
You slip free of the ooze engulfing you.
* * * LOW HITPOINT WARNING * * *
Your lungs strain for air!
The quicksilver ooze completely misses you. x2
The quicksilver ooze is struck by your briar patch's thorns.
The quicksilver ooze hits your briar patch! x2
The quicksilver ooze hits you.
The quicksilver ooze hits you but does no damage.
You feel much better.
* * * LOW HITPOINT WARNING * * *
Your lungs strain for air!
The quicksilver ooze hits your briar patch!
Your briar patch is destroyed!
Your briar patch disappears in a puff of smoke!
The quicksilver ooze hits you!
You die...
Fedhas appreciates your contribution to the ecosystem.

#..##..# ###
#..#J.##
##.####.##.8
#...##..#..#
#∩∩.....#..## .#
#...##..#...# .##
##.####J##..##..#
### #§J#..##..##
#@P##J##...#..
##..#J.#.....
#..#....#
#..##J..#
##..#.J.##
#..##...#
##..##..##
#...##..#
##......#


You could see 2 quicksilver oozes.

Vanquished Creatures
  Rupert (Snake:1)
  An orc warlord (Orc:2)
  2 quicksilver oozes (IceCv)
  Nessos (Lair:4)
  Josephine (D:14)
  6 boulder beetles
  10 hydras
  A catoblepas (D:13)
  3 vault guards (D:13)
  2 centaur warriors
  2 ogre magi
  16 two-headed ogres
  4 death yaks
  A tengu warrior (D:15)
  A naga sharpshooter (Snake:1)
  Nergalle (Lair:4)
  An orange crystal statue (IceCv)
  4 orc knights
  A deep elf pyromancer (D:15)
  4 cyclopes
  5 manticores
  An eye of devastation (Lair:5)
  15 elephants
  4 black mambas
  A torpor snail (Lair:6)
  5 cane toads
  2 kobold demonologists (D:12)
  Maggie (D:7)
  6 komodo dragons
  An unseen horror (D:9)
  5 rime drakes
  A freezing wraith (D:15)
  3 very ugly thing simulacra (IceCv)
  A tengu conjurer (D:15)
  5 trolls
  3 wind drakes (shapeshifter)
  A polar bear (Lair:6)
  20 blink frogs
  8 hornets
  A wind drake (Lair:4)
  15 slime creatures
  6 dream sheep (Lair:5)
  2 shadows
  10 spriggans (Lair:6)
  16 wyverns
  14 basilisks
  37 yaks
  7 wraiths
  12 wargs
  4 nagas (Lair:4)
  12 water moccasins
  3 demonic crawler simulacra (IceCv)
  A floating eye (Lair:5)
  An acid dragon (D:11)
  3 hell hounds (Lair:5)
  31 orc warriors
  An ice beast (D:7)
  4 sky beasts
  An ugly thing simulacrum (IceCv)
  10 black bears
  13 ogres
  5 centaurs
  52 wolves
  5 boggarts (Lair:6)
  A phantom (D:5)
  4 kobold brigands
  15 bullfrogs
  3 scorpions
  8 wights
  4 killer bees (D:10)
  3 vampire bats (D:8)
  A howler monkey (D:5)
  3 hounds
  A human zombie (D:3)
  2 jellies
  19 orc priests
  An iguana (D:5)
  Jessica (D:3)
  29 orc wizards
  10 hell rats
  19 gnolls
  10 adders
  2 river rats (Sewer)
  A shadow imp (D:7)
  2 white imps
  An ufetubus (D:5)
  4 worms
  2 dart slugs
  103 orcs
  6 bats
  2 bat skeletons (D:8)
  2 bat zombies (D:8)
  12 endoplasms
  4 giant cockroaches
  7 goblins
  13 hobgoblins
  3 jackals (D:5)
  5 quokkas
  10 ball pythons
  3 frilled lizards
  A goblin zombie (D:3)
  23 kobolds
  9 rats
766 creatures vanquished.

Vanquished Creatures (collateral kills)
  21 ballistomycete spores
21 creatures vanquished.

Vanquished Creatures (others)
  3 ballistomycete spores
  109 fungi
  90 plants
202 creatures vanquished.

Grand Total: 989 creatures vanquished

Notes
Turn   | Place    | Note
-------+----------+-------------------------------------------
     0 | D:1      | shoop the Deep Elf Arcane Marksman began the quest for the
                  | Orb.
     0 | D:1      | Reached XP level 1. HP: 11/11 MP: 5/5
   127 | D:1      | Reached skill level 1 in Stealth
   390 | D:1      | Reached XP level 2. HP: 16/16 MP: 6/6
   400 | D:1      | Learned a level 2 spell: Passwall
  1334 | D:2      | Found Ciutih's Magic Scroll Emporium.
  1453 | D:2      | Reached XP level 3. HP: 20/20 MP: 8/8
  1455 | D:2      | Reached skill level 1 in Earth Magic
  1459 | D:2      | Learned a level 3 spell: Inner Flame
  1609 | D:2      | Reached skill level 1 in Transmutations
  1887 | D:2      | Found a faded altar of an unknown god.
  1984 | D:2      | Reached skill level 1 in Fighting
  1984 | D:2      | Reached skill level 3 in Bows
  2104 | D:2      | Identified the +7 ring mail of a Gauntlet {Harm}
  2112 | D:2      | You fall into a shaft and drop 2 floors!
  2995 | D:3      | Reached XP level 4. HP: 25/25 MP: 9/9
  3426 | D:3      | Reached skill level 4 in Bows
  3441 | D:3      | Noticed Jessica
  3449 | D:3      | Killed Jessica
  3659 | D:3      | Found a runed translucent door.
  3659 | D:3      | Noticed a human
  3662 | D:3      | Found a basalt altar of Yredelemnul.
  3996 | D:2      | Reached skill level 1 in Armour
  3996 | D:2      | Reached XP level 5. HP: 29/29 MP: 7/10
  4070 | D:2      | Reached skill level 5 in Bows
  4244 | D:4      | Noticed an ogre
  4703 | D:4      | Killed an ogre
  4704 | D:4      | Reached skill level 6 in Bows
  4704 | D:4      | Reached XP level 6. HP: 23/34 MP: 11/11
  5400 | D:2      | Bought a scroll of fog for 24 gold pieces
  5400 | D:2      | Bought a scroll of noise for 12 gold pieces
  5400 | D:2      | Bought a scroll of identify for 24 gold pieces
  5471 | D:5      | Entered Level 5 of the Dungeon
  5471 | D:5      | Noticed Edmund
  5509 | D:5      | Noticed a water moccasin
  6128 | D:4      | Reached skill level 1 in Evocations
  6518 | D:5      | Reached skill level 7 in Bows
  6572 | D:5      | Noticed an orc warrior
  6593 | D:5      | Killed a water moccasin
  6594 | D:5      | Reached XP level 7. HP: 32/38 MP: 10/12
  7353 | D:4      | Reached skill level 8 in Bows
  7896 | D:3      | Learned a level 4 spell: Cause Fear
  8203 | D:5      | Reached XP level 8. HP: 41/43 MP: 13/13
  8355 | D:5      | Reached skill level 1 in Fire Magic
  8423 | D:5      | Reached skill level 9 in Bows
  8690 | D:6      | Got Iluuwa's Catalogue of Enchantment and Companions
  8788 | D:6      | Found a glowing drain.
  8980 | D:6      | Reached skill level 10 in Bows
  9010 | Sewer    | Entered a sewer
  9674 | D:6      | Reached skill level 5 in Hexes
  9933 | D:6      | Reached XP level 9. HP: 50/50 MP: 12/15
 10268 | D:6      | Found a sparkling altar of Nemelex Xobeh.
 10600 | D:6      | Reached skill level 11 in Bows
 11337 | D:7      | Found a staircase to the Ecumenical Temple.
 11346 | Temple   | Entered the Ecumenical Temple
 11363 | Temple   | Became a worshipper of Fedhas Madash
 11420 | D:7      | Noticed Maggie
 11617 | D:7      | Reached skill level 5 in Spellcasting
 11777 | D:7      | Found a stormy altar of Qazlal.
 11781 | D:7      | Found a broken altar of Ashenzari.
 11834 | D:7      | Killed Maggie
 11835 | D:7      | Reached skill level 12 in Bows
 12023 | D:7      | Found an ornate altar of the Wu Jian Council.
 12339 | D:8      | Reached * piety under Fedhas
 12602 | D:8      | Reached XP level 10. HP: 13/56 MP: 3/21
 13048 | D:8      | Found a runed translucent gate.
 13048 | D:8      | Found a runed translucent gate.
 13048 | D:8      | Found a runed translucent gate.
 13102 | D:8      | Reached skill level 13 in Bows
 13189 | D:8      | Found a glowing golden altar of the Shining One.
 13193 | D:8      | Found a staircase to the Lair.
 13247 | D:8      | Noticed a two-headed ogre
 13287 | D:8      | Killed a two-headed ogre
 13659 | D:8      | Reached skill level 14 in Bows
 13869 | D:8      | Identified the +5 shortbow "Killer Klown's Doom" {venom,
                  | rF+ Str+4}
 14017 | D:8      | Reached ** piety under Fedhas
 14024 | D:8      | Found an ancient bone altar of Kikubaaqudgha.
 14158 | D:8      | Noticed bande's ghost (novice GrFi)
 14490 | D:9      | Found a snail-covered altar of Cheibriados.
 14504 | D:9      | Found a white marble altar of Elyvilon.
 14560 | D:9      | Found a glowing silver altar of Zin.
 14573 | D:9      | Found Meinogot's Self-Improvement Boutique.
 14627 | D:9      | Reached skill level 1 in Invocations
 14686 | D:9      | Noticed a two-headed ogre
 14724 | D:9      | Killed a two-headed ogre
 14725 | D:9      | Reached skill level 15 in Bows
 14827 | D:9      | Paralysed by a hornet for 1 turns
 15422 | D:10     | Entered Level 10 of the Dungeon
 15422 | D:10     | Noticed a two-headed ogre
 15475 | D:10     | Reached XP level 11. HP: 60/60 MP: 23/23
 15490 | D:10     | Found a sacrificial altar of Ru.
 15518 | D:10     | Reached *** piety under Fedhas
 15770 | D:10     | Killed a two-headed ogre
 15992 | D:9      | Reached skill level 16 in Bows
 16205 | D:10     | Noticed an orc knight
 16205 | D:10     | Noticed a two-headed ogre
 16215 | D:10     | Killed an orc knight
 16215 | D:10     | Killed a two-headed ogre
 16286 | D:10     | Reached skill level 5 in Invocations
 16406 | D:10     | Found a bloodstained altar of Trog.
 16627 | D:11     | Found a staircase to the Orcish Mines.
 16629 | D:11     | Noticed an eight-headed hydra
 16801 | D:11     | Noticed a two-headed ogre
 16812 | D:11     | Killed a two-headed ogre
 16992 | D:11     | Noticed a centaur warrior
 16996 | D:11     | Killed a centaur warrior
 16997 | D:11     | Reached skill level 5 in Dodging
 17314 | D:11     | Noticed a boulder beetle
 17320 | D:11     | Killed a boulder beetle
 17418 | D:11     | Reached **** piety under Fedhas
 17634 | D:11     | Killed an eight-headed hydra
 17635 | D:11     | Reached skill level 5 in Fighting
 17668 | D:11     | Got Sif Muna's Disquisition on Mutagenic Toxins
 18109 | D:12     | Noticed a six-headed hydra
 18250 | D:12     | Noticed a two-headed ogre
 18256 | D:12     | Killed a two-headed ogre
 18257 | D:12     | Reached XP level 12. HP: 68/68 MP: 24/24
 18373 | D:12     | Noticed a boulder beetle
 18380 | D:12     | Killed a boulder beetle
 18424 | D:12     | Noticed a two-headed ogre
 18436 | D:12     | Noticed a two-headed ogre
 18439 | D:12     | Killed a two-headed ogre
 18442 | D:12     | Killed a two-headed ogre
 18444 | D:12     | Noticed a two-headed ogre
 18444 | D:12     | Noticed an ogre mage
 18444 | D:12     | Noticed a two-headed ogre
 18444 | D:12     | Noticed a two-headed ogre
 18446 | D:12     | Noticed a two-headed ogre
 18447 | D:12     | Killed a two-headed ogre
 18451 | D:12     | Noticed a two-headed ogre
 18451 | D:12     | Killed a two-headed ogre
 18451 | D:12     | Killed a two-headed ogre
 18452 | D:12     | Killed an ogre mage
 18457 | D:12     | Killed a two-headed ogre
 18458 | D:12     | Killed a two-headed ogre
 18542 | D:12     | Reached skill level 10 in Dodging
 18701 | D:12     | Killed a six-headed hydra
 18702 | D:12     | Reached skill level 10 in Invocations
 18857 | D:12     | Learned a level 3 spell: Portal Projectile
 19116 | D:13     | Noticed a boulder beetle
 19123 | D:13     | Killed a boulder beetle
 19124 | D:13     | Reached skill level 1 in Translocations
 19253 | D:13     | Noticed a catoblepas
 19270 | D:13     | Killed a catoblepas
 19331 | D:13     | Noticed a vault guard
 19331 | D:13     | Noticed a vault guard
 19693 | D:13     | Noticed a boulder beetle
 19709 | D:13     | Killed a boulder beetle
 19900 | D:13     | Identified the +4 spear "Rakhlov" {drain, rPois rN++ MP-9
                  | SInv}
 20048 | D:13     | Reached ***** piety under Fedhas
 20133 | D:13     | Reached XP level 13. HP: 74/74 MP: 21/25
 20270 | D:13     | Found a gate to the Vaults.
 20410 | D:13     | Reached skill level 17 in Bows
 20623 | Orc:1    | Entered Level 1 of the Orcish Mines
 20805 | Orc:1    | Found Qacza's Magic Scroll Shop.
 20807 | Orc:1    | Bought a scroll of teleportation for 45 gold pieces
 20847 | Orc:1    | Found Ygiufoplewk's Antique Armour Emporium.
 21083 | Orc:2    | Entered Level 2 of the Orcish Mines
 21083 | Orc:2    | Found a staircase to the Elven Halls.
 21193 | Orc:1    | Found a transporter.
 21347 | Orc:1    | Found an ornate altar of the Wu Jian Council.
 21347 | Orc:1    | Found a transporter.
 21463 | Orc:1    | Found a transporter.
 21473 | Orc:1    | Found a transporter.
 21493 | Orc:1    | Found an ornate altar of the Wu Jian Council.
 21493 | Orc:1    | Noticed an orc warlord
 21648 | Orc:1    | Found Utoighar's Magic Scroll Emporium.
 21728 | Orc:1    | Found Fapnuck's Assorted Antiques.
 22237 | Orc:2    | Found Leog's Jewellery Shop.
 22458 | Orc:2    | Reached ****** piety under Fedhas
 22500 | Orc:2    | Found Eda Vamepu's Jewellery Boutique.
 22917 | Orc:2    | Noticed an orc warlord
 22945 | Orc:2    | Killed an orc warlord
 23223 | Orc:2    | Found Vaepryck's Antique Weapon Shoppe.
 23224 | Orc:2    | Found Noutwono's Antique Armour Emporium.
 23346 | Orc:1    | Bought an embroidered scarf for 272 gold pieces
 23346 | Orc:1    | Bought a runed scarf for 272 gold pieces
 23378 | Orc:1    | Bought a scroll of enchant weapon for 112 gold pieces
 23417 | Orc:1    | Bought a scroll of identify for 26 gold pieces
 23417 | Orc:1    | Bought a scroll of identify for 26 gold pieces
 23417 | Orc:1    | Bought a scroll of teleportation for 39 gold pieces
 23417 | Orc:1    | Bought a scroll of fear for 45 gold pieces
 23418 | Orc:1    | Identified 2 scrolls of acquirement
 23467 | Orc:2    | Bought a runed longbow for 232 gold pieces
 23578 | Lair:1   | Entered Level 1 of the Lair of Beasts
 23678 | Lair:1   | Reached skill level 18 in Bows
 23791 | Lair:1   | You fall into a shaft and drop 1 floor!
 23843 | Lair:2   | Found a blossoming altar of Fedhas.
 23852 | Lair:2   | Identified the +1 leather armour of Fortitude {rC+ SInv}
 24259 | Lair:1   | Found a runed translucent gate.
 24259 | Lair:1   | Found a runed translucent gate.
 24264 | Lair:1   | Found a runed translucent gate.
 24271 | Lair:1   | Noticed jfcaron's ghost (journeyman OgBr)
 26360 | Lair:4   | Found a staircase to the Snake Pit.
 26379 | Lair:4   | Noticed Nergalle
 26400 | Lair:4   | Killed Nergalle
 26401 | Lair:4   | Reached XP level 14. HP: 18/82 MP: 23/26
 26912 | Lair:4   | Found a staircase to the Shoals.
 27141 | Lair:4   | Reached skill level 19 in Bows
 27670 | Lair:4   | Noticed Nessos
 27845 | Lair:4   | Killed Nessos
 28540 | Lair:5   | Found a staircase to the Slime Pits.
 29796 | Lair:6   | Entered Level 6 of the Lair of Beasts
 30053 | Lair:6   | Reached skill level 20 in Bows
 30059 | Lair:6   | Learned a level 5 spell: Silence
 30291 | Lair:6   | Reached skill level 10 in Fighting
 30293 | Lair:6   | Reached skill level 1 in Air Magic
 30714 | Lair:6   | Learned a level 3 spell: Swiftness
 30756 | Lair:6   | Reached XP level 15. HP: 85/92 MP: 27/27
 31094 | Lair:6   | Reached skill level 5 in Stealth
 31139 | Lair:6   | Found a large runed translucent door.
 31139 | Lair:6   | Found a large runed translucent door.
 31140 | Lair:6   | Noticed Pomiudiv's ghost (journeyman TeSu)
 31876 | Lair:6   | Reached skill level 5 in Evocations
 31914 | Lair:6   | Reached skill level 5 in Air Magic
 32289 | Snake:1  | Entered Level 1 of the Snake Pit
 32307 | Snake:1  | Noticed Rupert
 32318 | Snake:1  | Killed Rupert
 32954 | D:14     | Found a runed translucent gate.
 32954 | D:14     | Found a runed translucent gate.
 32954 | D:14     | Found a runed translucent gate.
 32957 | D:14     | Noticed Jeschemp's ghost (journeyman MiBe)
 32959 | D:14     | Noticed an azure jelly
 32960 | D:14     | Found a viscous altar of Jiyva.
 33051 | D:14     | Noticed Josephine
 33064 | D:14     | Killed Josephine
 33662 | D:15     | Entered Level 15 of the Dungeon
 33718 | D:15     | Found a burning altar of Makhleb.
 33718 | D:15     | Noticed an Executioner
 33987 | D:15     | Reached skill level 10 in Hexes
 34026 | D:15     | Found a frozen archway.
 34181 | IceCv    | Entered an ice cave
 34672 | IceCv    | HP: 4/92 [drowned by a quicksilver ooze[an orange crystal
                  | statue] (7)]
 34673 | IceCv    | Mangled by a quicksilver ooze

Illustrated notes

Levels and vault maps discovered:
D:1:      dpeg_arrival_water_temple_mockup, layout_basic,
          roderic_serpentine_path
D:2:      layout_basic, shapermc_ecumenical_altar_gd, serial_shops, shop
D:3:      layout_loops_corners, dk_yredelemnul_ordeal, minmay_misc_feat_square,
          nicolae_elevator_lobby_asterisk, uniq_jessica
D:4:      layout_basic, lightli_ossuary_entry_decrepit_ruins,
          minmay_diced_spiral
D:5:      layout_rooms, minmay_fractal_squares_diagonal_5, uniq_edmund
D:6:      layout_cave_pods, nemelex_dance_club_becter, gup_sewer_entry_glass
D:7:      layout_basic, mainiacjoe_overflow_alcove_2, kennysheep_mini,
          lemuel_round_altar, minmay_temple_entry_junction_2,
          minmay_misc_feat_pillars, minmay_misc_feat_encased,
          serial_bayou_crossing, uniq_maggie
D:8:      layout_basic, kennysheep_vampire_church,
          mainiacjoe_overflow_tiny_flanked, erik_lair_orcish_takeover,
          gammafunk_ghost_icy
D:9:      layout_long_grid, mainiacjoe_overflow_brackets,
          mainiacjoe_overflow_chevrons, lemuel_doored_altar,
          nicolae_shop_self_help
D:10:     kennysheep_big_flooded_room, layout_small_grid,
          nicolae_ru_great_annihilating_truth, nicolae_overflow_crystal_walls
D:11:     layout_cave_pools
D:12:     layout_irregular_city, lemuel_flamethrower_3
D:13:     cheibrodos_orc_bank, layout_irregular_city, erik_vaults_2
D:14:     layout_basic, gammafunk_ghost_ooze, uniq_josephine
D:15:     grunt_enter_depths_hoard, layout_irregular_city,
          portal_ice_cave_entry_pillars_2, makhleb_altar_promises_db
Temple:   chequers_temple_sunken
Lair:1:   layout_cave_shapes, gammafunk_ghost_necromancy
Lair:2:   layout_chaotic_city, basic_altar, nicolae_quartered_pool_impasse
Lair:3:   layout_small_grid
Lair:4:   layout_roguey, minmay_shoals_entry_beasts,
          guppyfry_snake_entry_island, minivault_23, uniq_nessos, uniq_nergalle
Lair:5:   layout_long_grid, minmay_slime_entry_eyes, special_room
          [special_room_mythical_zoo]
Lair:6:   minmay_lair_end_enchanted_forest, layout_hall_layers,
          ebering_ghost_disaster_area, serial_bayou_shore_b, grunt_megastairs_2
Snake:1:  layout_basic, lemuel_fruit_tree, grunt_megastairs_3, uniq_rupert
Orc:1:    dreamdust_wu_jian_sword_trials, layout_caves, basic_altar,
          serial_shops, shop, shop, nicolae_shop_advertising_works
          [nicolae_subvault_shop_adworks], nicolae_lakefront_shop, mines5_lemuel
Orc:2:    grunt_orc_community_town_hall, layout_caves,
          grunt_orc_community_big_house_2, grunt_orc_community_big_house_1,
          grunt_orc_community_house_1, grunt_orc_community_house_3,
          grunt_orc_community_house_3, grunt_orc_community_house_2,
          grunt_orc_community_house_1
IceCv:    ice_cave_hellmonk_azure_passage

Skill      XL: |  1  2  3  4  5  6  7  8  9 10 11 12 13 14 15 |
---------------+----------------------------------------------+-----
Stealth        | 2 3 4 5 |  5.0
Spellcasting   | 2 3 6 7 9 |  9.1
Earth Magic    | 1 2 |  2.0
Transmutations | 1 2 |  2.0
Fighting       | 1 3 5 6 8 10 | 10.0
Bows           | 3 4 6 7 8 10 12 15 16 18 20 | 20.0
Dodging        | 3 7 10 | 10.0
Armour         | 1 2 3 4 |  4.0
Evocations     | 2 3 4 6 |  6.0
Fire Magic     | 2 |  2.0
Hexes          | 5 8 9 10 | 10.5
Invocations    | 3 7 10 11 13 | 13.0
Translocations | 2 |  2.0
Air Magic      | 4 7 |  7.4

Action                   |  1- 3 |  4- 6 |  7- 9 | 10-12 | 13-15 || total
-------------------------+-------+-------+-------+-------+-------++-------
Melee: Shortbow          |       |       |     1 |       |     1 ||     2
 Fire: Shortbow          |   105 |   184 |   493 |   472 |  1665 ||  2919
 Cast: Slow              |    12 |    31 |    97 |    30 |     4 ||   174
       Cause Fear        |       |       |     8 |     8 |    25 ||    41
       Inner Flame       |       |       |     2 |    32 |    28 ||    62
       Passwall          |       |       |       |       |     4 ||     4
       Portal Projectile |       |       |       |       |     1 ||     1
Invok: Grow Ballistomyce |       |       |       |       |     5 ||     5
       Wall of Briars    |       |       |       |       |     2 ||     2
Evoke: Wand              |       |     1 |     1 |       |     3 ||     5
  Use: Scroll            |       |     6 |     7 |     7 |     5 ||    25
       Potion            |       |       |     2 |       |     4 ||     6
Armor: Robe              |     2 |       |       |       |       ||     2
       Ring mail         |     5 |    32 |    69 |    33 |   150 ||   289
Dodge: Dodged            |    20 |    48 |    82 |    49 |   324 ||   523

Table legend: (Time is in decaauts)
 A = Elapsed time spent in this place.
 B = Non-inter-level travel time spent in this place.
 C = Inter-level travel time spent in this place.
 D = Time resting spent in this place.
 E = Time spent auto-exploring this place.
 F = Levels seen in this place.
 G = Mean time per level.
                   A        B        C        D        E       F      G
               +--------+--------+--------+--------+--------+-----+--------+
         Total |  34557 |  31110 |   3447 |   5465 |  17766 |  27 | 1279.9 |
       Dungeon |  22067 |  19718 |   2349 |   3356 |  11594 |  15 | 1471.1 |
        Temple |     35 |     20 |     15 |      0 |      8 |   1 |   35.0 |
          Lair |   8627 |   7955 |    672 |   1350 |   4986 |   6 | 1437.8 |
     Snake Pit |    155 |    121 |     34 |     26 |     16 |   1 |  155.0 |
  Orcish Mines |   2819 |   2444 |    375 |    482 |    900 |   2 | 1409.5 |
         Sewer |    379 |    379 |      0 |     51 |    260 |   1 |  379.0 |
      Ice Cave |    472 |    472 |      0 |    199 |      0 |   1 |  472.0 |
               +--------+--------+--------+--------+--------+-----+--------+

Top non-repeatable levels by time:
     D:4: 2832 daAuts
  Lair:4: 2329 daAuts
  Lair:6: 2064 daAuts
     D:6: 2058 daAuts
     D:3: 1991 daAuts
     D:8: 1856 daAuts
  Lair:5: 1699 daAuts
   Orc:2: 1625 daAuts
     D:2: 1598 daAuts
    D:13: 1458 daAuts
    D:10: 1447 daAuts
     D:5: 1358 daAuts
     D:9: 1353 daAuts
     D:1: 1348 daAuts
     D:7: 1281 daAuts
